General information
- name: BNet
- type: Ladder team game (AT/RT)
- host: Battle.net
- saver: YOSHIOWNJAPAN
map: Friends
- players: 8
- length: 65:05
- speed: Fast
- version: 1.26 W3XP
- replay type: Public
» download(339 KB)
Players
team 1 (winner)

»
J4m4ic4n (
pink | 38 APM | 1122 actions | 29:13)
5 Death Knight
3 Death Coil
2 Unholy Aura
1 Lich
1 Frost Nova
» actions
| Assign group hotkey | 30 | |
| Basic commands | 41 | |
| Build / train | 60 | |
| Enter build submenu | 14 | |
| Enter hero's abilities submenu | 6 | |
| Remove unit from queue | 3 | |
| Right click | 318 | |
| Select / deselect | 347 | |
| Select group hotkey | 226 | |
| Use ability | 77 | |
1122 total
» units
| Acolyte | 10 | |
| Ghoul | 2 | |
| Crypt Fiend | 13 | |
| Goblin Shredder | 1 | |
| Goblin Zeppelin | 2 | |
28 total
» upgrades
| Creature Attack | 3 | |
| Web | 1 | |
| Burrow | 1 | |
5 total
» buildings
| Altar of Darkness | 2 | |
| Ziggurat | 7 | |
| Graveyard | 1 | |
| Crypt | 2 | |
| Tomb of Relics | 1 | |
| Halls of the Dead | 1 | |
| Black Citadel | 1 | |
| Spirit Tower | 4 | |
19 total
» build order
00:11 Altar of Darkness
00:13 Ziggurat
00:44 Graveyard
01:14 Crypt
01:29 Crypt
01:38 Tomb of Relics
02:56 Ziggurat
03:43 Halls of the Dead
06:12 Black Citadel
07:16 Ziggurat
07:18 Ziggurat
08:55 Spirit Tower
08:57 Spirit Tower
08:59 Spirit Tower
09:34 Spirit Tower
17:12 Ziggurat
17:14 Ziggurat
17:17 Ziggurat
21:46 Altar of Darkness
» items
| Rod of Necromancy | 2 | |
| Orb of Corruption | 1 | |
| Potion of Healing | 3 | |
| Scroll of Regeneration | 1 | |
| Scroll of Town Portal | 2 | |
| Health Stone | 1 | |
10 total

»
Beast-Mode (
yellow | 43 APM | 2445 actions | 56:38)
6 Far Seer
3 Feral Spirit
2 Chain Lighting
1 Earth Quake
1 Death Knight
1 Animate Dead
» actions
| Assign group hotkey | 3 | |
| Basic commands | 21 | |
| Build / train | 41 | |
| Enter build submenu | 25 | |
| Enter hero's abilities submenu | 8 | |
| Give item / drop item | 1 | |
| Remove unit from queue | 10 | |
| Right click | 1762 | |
| Select / deselect | 356 | |
| Select group hotkey | 88 | |
| Use ability | 130 | |
2445 total
» units
| Peon | 19 | |
| Goblin Zeppelin | 1 | |
| Obsidian Statue | 2 | |
22 total
» buildings
| Altar of Storms | 4 | |
| Orc Burrow | 9 | |
| Barracks | 1 | |
| Great Hall | 1 | |
| Slaughterhouse | 1 | |
| Sacrificial Pit | 1 | |
17 total
» build order
00:15 Altar of Storms
00:26 Orc Burrow
00:58 Orc Burrow
01:15 Altar of Storms
01:25 Orc Burrow
02:08 Altar of Storms
02:12 Orc Burrow
02:16 Barracks
02:37 Altar of Storms
02:52 Orc Burrow
03:57 Orc Burrow
19:06 Great Hall
22:59 Orc Burrow
24:28 Orc Burrow
26:00 Orc Burrow
30:03 Slaughterhouse
30:07 Sacrificial Pit
» items
| Healing Salve | 3 | |
| Lesser Clarity Potion | 5 | |
| Potion of Healing | 2 | |
| Potion of Mana | 1 | |
11 total
YOSHIOWNJAPAN (
orange | 47 APM | 3036 actions | 65:05)
9 Mountain King
3 Storm Bolt
3 Bash
1 Avatar
2 Thunder Clap
» actions
| Assign group hotkey | 60 | |
| Basic commands | 159 | |
| Build / train | 117 | |
| Enter build submenu | 28 | |
| Enter hero's abilities submenu | 9 | |
| Give item / drop item | 2 | |
| Right click | 1095 | |
| Select / deselect | 401 | |
| Select group hotkey | 996 | |
| Use ability | 169 | |
3036 total
» units
| Peasant | 38 | |
| Rifleman | 6 | |
| Goblin Shredder | 4 | |
| Goblin Zeppelin | 4 | |
| Gryphon Rider | 13 | |
| Siege Engine | 5 | |
70 total
» upgrades
| Masonry | 3 | |
| Lumber Harvesting | 1 | |
| Long Rifles | 1 | |
| Storm Hammers | 1 | |
| Swords | 1 | |
| Armor | 1 | |
| Barrage | 1 | |
| Flying Machine Bombs | 1 | |
| Flak Cannons | 1 | |
11 total
» buildings
| Altar of Kings | 1 | |
| Farm | 16 | |
| Town Hall | 3 | |
| Barracks | 2 | |
| Lumber Mill | 2 | |
| Blacksmith | 1 | |
| Scout Tower | 10 | |
| Arcane Tower | 2 | |
| Guard Tower | 9 | |
| Keep | 1 | |
| Castle | 1 | |
| Arcane Vault | 1 | |
| Gryphon Aviary | 2 | |
| Workshop | 2 | |
53 total
» build order
00:14 Altar of Kings
01:35 Farm
02:26 Farm
03:05 Farm
04:49 Town Hall
05:05 Barracks
05:11 Barracks
06:07 Farm
06:27 Lumber Mill
06:36 Blacksmith
06:58 Scout Tower
06:58 Scout Tower
07:26 Arcane Tower
07:26 Arcane Tower
07:31 Guard Tower
07:49 Keep
08:39 Guard Tower
08:59 Scout Tower
08:59 Scout Tower
08:59 Scout Tower
08:59 Scout Tower
09:00 Scout Tower
09:00 Scout Tower
09:01 Scout Tower
09:07 Farm
09:08 Farm
09:08 Farm
09:08 Farm
09:09 Farm
09:46 Guard Tower
10:21 Guard Tower
10:21 Guard Tower
10:29 Castle
10:35 Farm
10:35 Farm
10:35 Farm
10:47 Arcane Vault
11:14 Guard Tower
13:06 Gryphon Aviary
13:41 Gryphon Aviary
18:04 Town Hall
24:56 Lumber Mill
28:50 Town Hall
32:30 Farm
32:30 Farm
32:32 Farm
32:33 Farm
34:02 Workshop
34:03 Workshop
» items
| Potion of Healing | 3 | |
| Scroll of Town Portal | 5 | |
| Potion of Mana | 1 | |
| Orb of Lightning | 1 | |
| Scroll of Regeneration | 2 | |
| Orb of Fire | 1 | |
13 total
ny_sj (
teal | 49 APM | 2897 actions | 58:54)
6 Blademaster
2 Wind Walk
3 Critical Strike
1 Bladestorm
5 Shadow Hunter
3 Healing Wave
2 Hex
1 Death Knight
1 Animate Dead
» actions
| Assign group hotkey | 95 | |
| Basic commands | 264 | |
| Build / train | 151 | |
| ESC pressed | 17 | |
| Enter build submenu | 40 | |
| Enter hero's abilities submenu | 12 | |
| Give item / drop item | 2 | |
| Right click | 1101 | |
| Select / deselect | 648 | |
| Select group hotkey | 256 | |
| Use ability | 311 | |
2897 total
» units
| Peon | 16 | |
| Grunt | 8 | |
| Troll Headhunter/Berserker | 4 | |
| Wind Rider | 17 | |
| Shaman | 2 | |
| Troll Witch Doctor | 2 | |
| Goblin Zeppelin | 1 | |
| Troll Batrider | 6 | |
| Forest Troll Berserker | 1 | |
| Forest Troll Shadow Priest | 1 | |
58 total
» upgrades
| Armor | 2 | |
| Ranged Weapons | 2 | |
| Reinforced Defenses | 1 | |
| Envenomed Spears | 1 | |
| Shaman Training | 2 | |
| Witch Doctor Training | 2 | |
10 total
» buildings
| Altar of Storms | 2 | |
| Orc Burrow | 11 | |
| Barracks | 2 | |
| Voodoo Lounge | 1 | |
| War Mill | 1 | |
| Stronghold | 5 | |
| Watch Tower | 4 | |
| Fortress | 2 | |
| Beastiary | 5 | |
| Spirit Lodge | 1 | |
34 total
» build order
00:35 Altar of Storms
00:43 Orc Burrow
00:50 Barracks
02:58 Voodoo Lounge
03:24 War Mill
04:05 Orc Burrow
05:13 Stronghold
05:14 Stronghold
06:26 Watch Tower
07:27 Watch Tower
08:02 Orc Burrow
08:04 Fortress
08:04 Fortress
11:05 Watch Tower
12:17 Beastiary
13:15 Orc Burrow
13:23 Orc Burrow
13:30 Orc Burrow
15:01 Beastiary
15:02 Beastiary
15:40 Beastiary
16:08 Beastiary
19:20 Barracks
20:11 Orc Burrow
20:32 Orc Burrow
23:02 Spirit Lodge
37:14 Orc Burrow
37:21 Orc Burrow
37:25 Orc Burrow
37:28 Watch Tower
40:45 Altar of Storms
» items
| Healing Salve | 2 | |
| Lesser Clarity Potion | 3 | |
| Orb of Lightning | 1 | |
| Scroll of Town Portal | 5 | |
| Potion of Healing | 7 | |
| Potion of Mana | 5 | |
| Scroll of Speed | 1 | |
| Tiny Great Hall | 2 | |
| Orb of Corruption | 1 | |
27 total
team 2 (loser)
wow.wow (
green | 64 APM | 4162 actions | 65:02)
9 Mountain King
3 Storm Bolt
3 Thunder Clap
2 Bash
1 Avatar
» actions
| Assign group hotkey | 104 | |
| Basic commands | 93 | |
| Build / train | 159 | |
| Enter build submenu | 53 | |
| Enter hero's abilities submenu | 11 | |
| Remove unit from queue | 1 | |
| Right click | 1347 | |
| Select / deselect | 791 | |
| Select group hotkey | 1471 | |
| Use ability | 132 | |
4162 total
» units
| Peasant | 31 | |
| Footman | 7 | |
| Forest Troll Shadow Priest | 8 | |
| Mud Golem | 2 | |
| Sorceress | 10 | |
| Mortar Team | 2 | |
| Gryphon Rider | 9 | |
| Siege Engine | 3 | |
| Knight | 3 | |
| Priest | 1 | |
| Flying Machine | 32 | |
108 total
» upgrades
| Gunpowder | 2 | |
| Swords | 1 | |
| Armor | 1 | |
| Lumber Harvesting | 2 | |
| Sorceress Training | 1 | |
| Storm Hammers | 1 | |
| Barrage | 1 | |
| Plating | 1 | |
10 total
» buildings
| Altar of Kings | 4 | |
| Farm | 18 | |
| Barracks | 2 | |
| Scout Tower | 2 | |
| Arcane Tower | 2 | |
| Lumber Mill | 3 | |
| Keep | 4 | |
| Arcane Vault | 2 | |
| Castle | 3 | |
| Blacksmith | 2 | |
| Arcane Sanctum | 1 | |
| Workshop | 2 | |
| Gryphon Aviary | 2 | |
| Town Hall | 5 | |
52 total
» build order
00:07 Altar of Kings
00:10 Farm
00:22 Barracks
01:01 Farm
01:44 Farm
02:27 Scout Tower
02:35 Scout Tower
02:54 Farm
02:57 Arcane Tower
03:32 Arcane Tower
03:34 Farm
04:06 Lumber Mill
04:59 Keep
05:02 Farm
05:29 Arcane Vault
07:28 Castle
07:31 Blacksmith
07:33 Arcane Sanctum
07:35 Farm
10:44 Workshop
10:47 Workshop
11:37 Lumber Mill
12:53 Gryphon Aviary
12:55 Gryphon Aviary
13:39 Farm
16:24 Town Hall
16:56 Farm
25:53 Barracks
26:18 Arcane Vault
29:56 Keep
29:58 Altar of Kings
30:00 Farm
30:04 Lumber Mill
30:10 Blacksmith
32:39 Town Hall
33:48 Castle
34:55 Town Hall
40:09 Altar of Kings
40:26 Altar of Kings
40:38 Town Hall
41:11 Farm
41:46 Farm
41:48 Farm
41:49 Farm
42:01 Farm
42:38 Farm
42:40 Farm
42:40 Farm
44:19 Town Hall
46:02 Keep
50:08 Castle
52:29 Keep
» items
| Scroll of Regeneration | 3 | |
| Lesser Clarity Potion | 3 | |
| Potion of Mana | 3 | |
| Potion of Healing | 2 | |
| Scroll of Town Portal | 4 | |
| Potion of Divinity | 1 | |
| Healing Wards | 3 | |
| Scroll of Resurrection | 1 | |
20 total
gregsimoneau (
red | 35 APM | 789 actions | 22:32)
4 Death Knight
2 Death Coil
2 Unholy Aura
2 Lich
1 Frost Nova
1 Dark Ritual
1 Mountain King
1 Storm Bolt
» actions
| Basic commands | 12 | |
| Build / train | 57 | |
| Enter build submenu | 21 | |
| Enter hero's abilities submenu | 7 | |
| Give item / drop item | 4 | |
| Right click | 442 | |
| Select / deselect | 177 | |
| Use ability | 69 | |
789 total
» units
| Acolyte | 2 | |
| Ghoul | 3 | |
| Crypt Fiend | 5 | |
| Siege Engine | 8 | |
| Peasant | 3 | |
| Frost Wyrm | 4 | |
25 total
» upgrades
| Creature Attack | 2 | |
| Creature Carapace | 2 | |
| Web | 1 | |
| Masonry | 1 | |
| Freezing Breath | 1 | |
7 total
» buildings
| Crypt | 1 | |
| Altar of Darkness | 1 | |
| Ziggurat | 8 | |
| Graveyard | 1 | |
| Tomb of Relics | 1 | |
| Spirit Tower | 2 | |
| Halls of the Dead | 1 | |
| Black Citadel | 1 | |
| Sacrificial Pit | 1 | |
| Castle | 1 | |
| Boneyard | 2 | |
| Farm | 6 | |
26 total
» build order
00:26 Crypt
00:31 Altar of Darkness
00:35 Ziggurat
01:03 Graveyard
01:15 Ziggurat
01:54 Tomb of Relics
02:35 Spirit Tower
02:37 Spirit Tower
04:10 Halls of the Dead
04:36 Ziggurat
06:38 Black Citadel
06:42 Sacrificial Pit
06:49 Ziggurat
06:52 Ziggurat
06:57 Ziggurat
07:32 Castle
10:13 Boneyard
10:21 Boneyard
11:06 Farm
11:11 Farm
15:43 Ziggurat
15:46 Ziggurat
15:59 Farm
18:16 Farm
19:26 Farm
19:29 Farm
» items
| Rod of Necromancy | 1 | |
| Scroll of Regeneration | 1 | |
| Potion of Mana | 2 | |
| Orb of Fire | 1 | |
| Potion of Healing | 4 | |
| Scroll of Town Portal | 2 | |
11 total
stbbronyourteam (
blue | 68 APM | 4391 actions | 65:02)
10 Archmage
3 Summon Water Elemental
3 Brilliance Aura
1 Mass Teleport
3 Blizzard
2 Mountain King
1 Storm Bolt
1 Bash
» actions
| Assign group hotkey | 217 | |
| Basic commands | 567 | |
| Build / train | 204 | |
| ESC pressed | 2 | |
| Enter build submenu | 75 | |
| Enter hero's abilities submenu | 12 | |
| Give item / drop item | 10 | |
| Remove unit from queue | 8 | |
| Right click | 1530 | |
| Select / deselect | 831 | |
| Select group hotkey | 749 | |
| Use ability | 186 | |
4391 total
» units
| Peasant | 29 | |
| Footman | 19 | |
| Forest Troll Berserker | 1 | |
| Gryphon Rider | 23 | |
| Siege Engine | 1 | |
| Goblin Zeppelin | 1 | |
| Goblin Shredder | 1 | |
| Dragonhawk Rider | 1 | |
76 total
» upgrades
| Masonry | 4 | |
| Swords | 3 | |
| Gunpowder | 5 | |
| Animal War Training | 1 | |
| Armor | 3 | |
| Lumber Harvesting | 2 | |
| Barrage | 1 | |
| Plating | 4 | |
| Storm Hammers | 1 | |
| Backpack | 2 | |
| Cloud | 1 | |
27 total
» buildings
| Altar of Kings | 2 | |
| Barracks | 2 | |
| Farm | 17 | |
| Scout Tower | 64 | |
| Lumber Mill | 4 | |
| Blacksmith | 2 | |
| Guard Tower | 62 | |
| Keep | 3 | |
| Arcane Vault | 3 | |
| Castle | 2 | |
| Gryphon Aviary | 4 | |
| Workshop | 3 | |
| Town Hall | 3 | |
171 total
» build order
00:05 Altar of Kings
00:08 Barracks
00:14 Farm
00:29 Altar of Kings
00:31 Barracks
00:33 Farm
01:16 Farm
01:44 Scout Tower
01:46 Scout Tower
01:46 Scout Tower
01:58 Farm
02:10 Farm
02:17 Farm
02:27 Scout Tower
02:40 Lumber Mill
03:00 Lumber Mill
03:06 Blacksmith
03:56 Guard Tower
03:56 Guard Tower
04:12 Guard Tower
04:12 Guard Tower
05:02 Keep
05:14 Keep
05:14 Keep
05:43 Arcane Vault
07:22 Farm
07:28 Blacksmith
07:42 Castle
07:42 Castle
07:45 Gryphon Aviary
07:52 Gryphon Aviary
08:07 Scout Tower
08:08 Scout Tower
08:09 Scout Tower
08:16 Workshop
10:23 Guard Tower
10:42 Lumber Mill
11:09 Workshop
11:19 Workshop
11:35 Farm
11:37 Farm
12:35 Scout Tower
12:37 Scout Tower
14:03 Farm
14:04 Farm
14:08 Farm
14:11 Guard Tower
15:39 Farm
15:40 Farm
16:46 Town Hall
18:39 Scout Tower
18:40 Scout Tower
18:41 Scout Tower
19:14 Guard Tower
24:01 Guard Tower
27:13 Town Hall
27:28 Town Hall
28:32 Scout Tower
28:33 Scout Tower
29:28 Guard Tower
31:04 Arcane Vault
31:27 Scout Tower
31:28 Scout Tower
31:29 Scout Tower
31:30 Scout Tower
31:31 Scout Tower
31:35 Farm
31:36 Farm
31:59 Guard Tower
32:00 Guard Tower
32:28 Guard Tower
32:52 Guard Tower
32:52 Guard Tower
33:21 Guard Tower
33:21 Guard Tower
34:36 Guard Tower
34:36 Guard Tower
34:51 Farm
34:55 Scout Tower
34:56 Scout Tower
34:56 Scout Tower
34:57 Scout Tower
34:58 Scout Tower
34:59 Scout Tower
36:50 Guard Tower
37:22 Guard Tower
38:08 Scout Tower
38:09 Scout Tower
38:10 Scout Tower
38:11 Scout Tower
38:14 Guard Tower
38:17 Lumber Mill
39:11 Guard Tower
41:20 Guard Tower
41:20 Guard Tower
41:23 Scout Tower
41:25 Scout Tower
41:26 Scout Tower
41:27 Scout Tower
41:28 Scout Tower
41:29 Scout Tower
41:30 Scout Tower
41:32 Scout Tower
41:33 Scout Tower
41:33 Scout Tower
41:51 Scout Tower
41:52 Scout Tower
41:54 Scout Tower
41:57 Scout Tower
42:43 Guard Tower
42:47 Guard Tower
42:47 Guard Tower
42:51 Guard Tower
42:57 Scout Tower
42:58 Scout Tower
42:59 Scout Tower
43:07 Scout Tower
43:11 Scout Tower
43:12 Scout Tower
43:14 Scout Tower
43:16 Scout Tower
43:19 Scout Tower
43:20 Scout Tower
43:22 Scout Tower
43:25 Scout Tower
43:27 Scout Tower
43:28 Scout Tower
43:31 Guard Tower
43:32 Guard Tower
43:34 Guard Tower
43:37 Guard Tower
43:37 Guard Tower
43:45 Guard Tower
43:45 Guard Tower
43:45 Guard Tower
43:55 Guard Tower
43:56 Guard Tower
44:34 Guard Tower
44:34 Guard Tower
46:21 Guard Tower
46:22 Guard Tower
46:28 Scout Tower
46:29 Scout Tower
46:30 Scout Tower
46:32 Scout Tower
46:33 Scout Tower
46:49 Guard Tower
46:50 Guard Tower
46:57 Scout Tower
46:58 Scout Tower
47:05 Gryphon Aviary
47:07 Gryphon Aviary
47:08 Guard Tower
47:42 Guard Tower
47:50 Guard Tower
49:42 Guard Tower
49:53 Guard Tower
52:27 Guard Tower
61:56 Arcane Vault
» items
| Scroll of Regeneration | 8 | |
| Orb of Fire | 2 | |
| Sobi Mask | 1 | |
| Orb of Corruption | 1 | |
12 total
Chat log
(00:20 / Allies) J4m4ic4n: rush
(00:45 / Allies) Beast-Mode: wtf
(00:49 / Allies) Beast-Mode: oj team killer
(01:08 / Allies) J4m4ic4n: yay
(01:32 / Allies) ny_sj: so ?
(01:36 / Allies) ny_sj: really wanna do this ?
(01:40 / Allies) YOSHIOWNJAPAN: no
(01:42 / Allies) YOSHIOWNJAPAN: i just want his mine
(01:45 / Allies) YOSHIOWNJAPAN: i dont trust his record
(01:51 / Allies) Beast-Mode: wrong
(01:55 / Allies) Beast-Mode: my rec is good
(01:57 / Allies) Beast-Mode: he's lying
(03:19 / Allies) YOSHIOWNJAPAN: ill stop once i get expo up
(04:50 / Allies) YOSHIOWNJAPAN: ty
(05:13 / Allies) Beast-Mode: look how far back he built his hall
(05:15 / Allies) Beast-Mode: from mine
(05:19 / Allies) YOSHIOWNJAPAN: who cares
(05:20 / Allies) YOSHIOWNJAPAN: nigga
(05:21 / Allies) YOSHIOWNJAPAN: im pro
(05:25 / Allies) Beast-Mode: sure
(05:26 / Allies) YOSHIOWNJAPAN: stats kodos_forsaken he is my brother
(05:28 / Allies) Beast-Mode: lmao
(05:30 / Allies) YOSHIOWNJAPAN: top solo player on east
(05:35 / Allies) Beast-Mode: not u
(06:40 / Allies) YOSHIOWNJAPAN: 100 wood
(06:41 / Allies) YOSHIOWNJAPAN: for rifles
(08:17 / Allies) YOSHIOWNJAPAN: yellow
(08:21 / Allies) YOSHIOWNJAPAN: making my self perfectly clear
(08:24 / Allies) YOSHIOWNJAPAN: to protect myself
(08:33 / Allies) YOSHIOWNJAPAN: i will NOT let u buy an orc shop from teal
(10:49 / Allies) ny_sj: lumber me plz
(14:20 / Allies) ny_sj: lumber me
(14:21 / Allies) ny_sj: dude
(14:23 / Allies) ny_sj: i been asking
(14:34 / Allies) YOSHIOWNJAPAN: need help?
(14:39 / Allies) ny_sj: yes
(14:52 / Allies) YOSHIOWNJAPAN: let me get levl 3
(15:22 / Allies) ny_sj: gg
(15:23 / Allies) J4m4ic4n: yellow
(16:03 / Allies) Beast-Mode: i need gold and wood
(16:07 / Allies) YOSHIOWNJAPAN: yellow
(16:09 / Allies) YOSHIOWNJAPAN: i said no
(17:15 / Allies) Beast-Mode: orange is pro my ass
(17:19 / Allies) Beast-Mode: look at him
(17:29 / Allies) Beast-Mode: rifles
(17:31 / Allies) Beast-Mode: this long in
(17:34 / Allies) Beast-Mode: all he's got
(18:28 / All) wow.wow: fuck japan
(18:48 / Allies) Beast-Mode: 300 gold
(20:32 / All) stbbronyourteam: do not kill 2 gryphs next time, team
(21:22 / All) YOSHIOWNJAPAN: faggot
(22:08 / All) stbbronyourteam: you let 2 of my gryphs die red
(22:09 / All) stbbronyourteam: shut your mouth
(23:08 / Allies) YOSHIOWNJAPAN: no yellow
(23:09 / Allies) YOSHIOWNJAPAN: i said no
(23:11 / Allies) Beast-Mode: really?
(23:14 / Allies) Beast-Mode: orange?
(23:17 / Allies) YOSHIOWNJAPAN: feed me
(23:18 / Allies) YOSHIOWNJAPAN: ok?
(23:20 / Allies) YOSHIOWNJAPAN: and i let u live?
(23:21 / All) stbbronyourteam: can unsummon everything
(23:21 / Allies) ny_sj: let him feed
(23:23 / Allies) ny_sj: let him feed
(23:26 / Allies) ny_sj: let him feed
(23:27 / Allies) YOSHIOWNJAPAN: feed me
(23:49 / Allies) ny_sj: 300 gold
(23:50 / Allies) ny_sj: plz
(25:29 / Allies) J4m4ic4n: build towers
(25:34 / Allies) J4m4ic4n: he'll just come back when i leave
(27:08 / All) stbbronyourteam: get the fuck out jamaican nigger
(28:38 / Allies) YOSHIOWNJAPAN: ty pink
(28:40 / All) stbbronyourteam: get the fuck out nigger
(28:45 / All) stbbronyourteam: green
(28:45 / All) stbbronyourteam: you lost
(28:50 / All) stbbronyourteam: laggers
(28:54 / All) stbbronyourteam: jesus christ
(28:59 / All) ny_sj: zzzzz
(29:03 / All) stbbronyourteam: GTFO
(29:05 / All) wow.wow: die blooddimond
(29:08 / All) stbbronyourteam: drop
(29:08 / All) YOSHIOWNJAPAN: drop dude
(29:10 / All) YOSHIOWNJAPAN: wow
(29:31 / All) wow.wow: dude let him live
(30:04 / Allies) YOSHIOWNJAPAN: hit now
(30:20 / Allies) YOSHIOWNJAPAN: come
(30:21 / Allies) YOSHIOWNJAPAN: hit blue
(31:04 / Allies) ny_sj: come
(31:19 / Allies) ny_sj: ?
(31:25 / All) YOSHIOWNJAPAN: not letting yellow touch him
(31:33 / Allies) ny_sj: dude come on
(31:47 / Allies) ny_sj: its fiends
(31:59 / Allies) YOSHIOWNJAPAN: i said hit blue
(32:01 / Allies) YOSHIOWNJAPAN: not them
(32:45 / Allies) YOSHIOWNJAPAN: we need green dead
(32:52 / Allies) ny_sj: yes
(33:59 / Allies) ny_sj: really
(34:00 / Allies) ny_sj: ?
(34:10 / Allies) Beast-Mode: here
(34:17 / Allies) ny_sj: take it
(34:18 / Allies) YOSHIOWNJAPAN: come
(34:20 / Allies) ny_sj: gonna need it
(34:21 / Allies) YOSHIOWNJAPAN: lets
(34:22 / Allies) YOSHIOWNJAPAN: finish
(34:25 / Allies) YOSHIOWNJAPAN: green
(35:01 / Allies) YOSHIOWNJAPAN: come
(35:03 / Allies) YOSHIOWNJAPAN: lets finish green
(35:21 / Allies) YOSHIOWNJAPAN: kill copters
(35:28 / Allies) ny_sj: thats why we needed fiends
(35:49 / Allies) ny_sj: gg
(36:25 / Allies) YOSHIOWNJAPAN: teal u said gg that means leave
(36:41 / Allies) ny_sj: they suck
(36:45 / All) wow.wow: ahh!@
(36:50 / Allies) ny_sj: stop
(36:51 / Allies) ny_sj: ..
(36:56 / All) YOSHIOWNJAPAN: give wood and ill sotp tela
(37:07 / Allies) ny_sj: stop
(37:08 / Allies) ny_sj: wtf
(37:10 / Allies) ny_sj: is wrong wit u
(37:36 / All) YOSHIOWNJAPAN: no towers
(37:43 / Allies) ny_sj: stop
(37:44 / Allies) ny_sj: man
(37:48 / All) YOSHIOWNJAPAN: no expans man
(37:49 / All) wow.wow: hahahaha
(38:02 / All) stbbronyourteam: I let his expo live for 1 sec to kill his army
(38:06 / Allies) ny_sj: ur a fucking cunt
(38:18 / All) YOSHIOWNJAPAN: apologize now tela
(38:18 / All) wow.wow: u skills are insane
(38:19 / All) ny_sj: cunt team
(38:20 / All) YOSHIOWNJAPAN: APOLOGIZE
(38:21 / All) ny_sj: amzing
(38:21 / All) YOSHIOWNJAPAN: TEAL
(38:22 / All) YOSHIOWNJAPAN: NOW
(38:26 / Allies) ny_sj: dude
(38:28 / Allies) ny_sj: SUCK MY DICK
(38:31 / All) wow.wow: killing people that u can see lol
(38:32 / All) YOSHIOWNJAPAN: THATS NOT AN APOLOGY TEAL
(38:33 / All) wow.wow: and
(38:36 / All) stbbronyourteam: teal, never get wyverns against gryphons
(38:38 / All) stbbronyourteam: god damn retard
(38:44 / All) wow.wow: when it comes to enemy ur ass is grass
(38:46 / All) ny_sj: this scrubs a tk
(38:51 / Allies) Beast-Mode: next time teal
(38:58 / Allies) Beast-Mode: as soon as he starts attacking me
(38:59 / All) stbbronyourteam: the only ass you ever get, green, is when your hand slips through the toilet paper
(39:02 / Allies) Beast-Mode: in begining
(39:04 / Allies) Beast-Mode: help me
(39:06 / Allies) Beast-Mode: kill him
(39:15 / All) wow.wow: blue ur? 14?
(39:17 / Allies) Beast-Mode: ppl like him
(39:22 / Allies) Beast-Mode: that want to tk
(39:22 / All) stbbronyourteam: 21
(39:25 / All) stbbronyourteam: my negro
(39:35 / All) YOSHIOWNJAPAN: APOLOGIZE NOW TEAL
(39:37 / All) wow.wow: wow going for the dogs?
(39:37 / All) YOSHIOWNJAPAN: AND ILL STOP
(39:38 / All) wow.wow: lol
(39:41 / All) stbbronyourteam: apologise green
(39:53 / All) YOSHIOWNJAPAN: LET GREEN HAVE A HERO
(39:55 / All) YOSHIOWNJAPAN: HE EARNED IT
(40:01 / All) stbbronyourteam: he has no hero
(40:08 / All) YOSHIOWNJAPAN: ILL BUY TOWN HALL FOR HIM K?
(40:08 / All) stbbronyourteam: killed it ages ago
(40:12 / All) YOSHIOWNJAPAN: he have workers?
(40:13 / All) stbbronyourteam: k
(40:19 / All) stbbronyourteam: 1
(40:20 / All) YOSHIOWNJAPAN: give him
(40:22 / All) YOSHIOWNJAPAN: resources
(40:22 / All) stbbronyourteam: 2 actually
(40:24 / All) YOSHIOWNJAPAN: let him build up
(40:41 / All) wow.wow: thanks!
(40:51 / All) stbbronyourteam: no problem
(41:54 / All) ny_sj: lol
(42:02 / All) YOSHIOWNJAPAN: this is a strange game
(42:12 / All) YOSHIOWNJAPAN: teal yellow and i are stabbing we dont even know what side we're on
(42:12 / All) wow.wow: very
(42:14 / All) wow.wow: but fun
(42:18 / All) wow.wow: i likeeeeee
(43:08 / All) YOSHIOWNJAPAN: feed
(43:09 / All) YOSHIOWNJAPAN: yellows hero
(43:10 / All) YOSHIOWNJAPAN: if u can
(43:35 / All) YOSHIOWNJAPAN: yellow ill let u live
(43:38 / All) YOSHIOWNJAPAN: go to purps base
(43:41 / All) YOSHIOWNJAPAN: blue is gonna feed u
(43:42 / All) YOSHIOWNJAPAN: to earthquake
(44:01 / All) Beast-Mode: well then
(44:07 / All) Beast-Mode: Stop fucking trying to kill me
(44:14 / All) YOSHIOWNJAPAN: waiting for confirmation nigger
(44:17 / All) YOSHIOWNJAPAN: go to purps base
(44:21 / All) stbbronyourteam: mid right base
(44:22 / All) YOSHIOWNJAPAN: fuck it follow me
(44:25 / All) stbbronyourteam: 6 gryphons for food
(44:27 / All) YOSHIOWNJAPAN: i wont kill u yellow
(44:29 / All) YOSHIOWNJAPAN: FUCKING TRUST ME
(44:43 / All) YOSHIOWNJAPAN: spam prup now
(44:57 / All) YOSHIOWNJAPAN: give us grifs?
(45:36 / All) stbbronyourteam: no more food right now
(45:36 / All) wow.wow: hi
(45:39 / All) stbbronyourteam: I need to rebuild gryphs
(45:46 / All) stbbronyourteam: I SAID
(45:48 / All) stbbronyourteam: NO MORE FOOD
(45:55 / All) wow.wow: brb going to go kill me a fs
(46:01 / All) YOSHIOWNJAPAN: fs?
(46:13 / All) stbbronyourteam: do not overstay your welcome, yellow
(46:29 / Allies) Beast-Mode: 400 gold plz
(46:29 / All) wow.wow: im going to eat ur orange
(46:32 / Allies) Beast-Mode: ty
(46:32 / All) YOSHIOWNJAPAN: i gave yellow gold lawl
(46:54 / All) wow.wow: orange leave my town or i come to eat u
(47:02 / All) YOSHIOWNJAPAN: im letting u have an altar
(47:03 / All) YOSHIOWNJAPAN: and farm
(47:04 / All) YOSHIOWNJAPAN: thats it
(47:18 / All) stbbronyourteam: level 10 arch mage
(47:22 / All) stbbronyourteam: 3 orbs, 1 ud orb
(47:23 / All) stbbronyourteam: 2 +6 robes
(47:24 / All) stbbronyourteam: pro
(47:29 / All) YOSHIOWNJAPAN: u cant let him do that
(47:36 / All) stbbronyourteam: do what
(47:43 / All) YOSHIOWNJAPAN: he fucking massed copters with purp
(47:45 / All) YOSHIOWNJAPAN: u cant let him do that
(47:54 / All) stbbronyourteam: you said I can just spam earlier
(47:55 / All) stbbronyourteam: idiot
(48:02 / All) YOSHIOWNJAPAN: no copters wow
(48:04 / All) YOSHIOWNJAPAN: kill them
(48:24 / Allies) Beast-Mode: build some tanks dude
(48:44 / Allies) ny_sj: this is a joke
(48:45 / All) YOSHIOWNJAPAN: spam copters attack each other
(49:09 / All) YOSHIOWNJAPAN: fuck it im getting tanks
(49:12 / All) YOSHIOWNJAPAN: keep copeter there
(49:17 / All) stbbronyourteam: he has like 3 control groups
(49:19 / All) stbbronyourteam: impossible to spam
(49:51 / All) YOSHIOWNJAPAN: move ur griffs let me have copters
(50:10 / All) YOSHIOWNJAPAN: go rape purp or green
(50:12 / All) YOSHIOWNJAPAN: whoever is making copters
(50:15 / All) stbbronyourteam: purp is dead
(50:26 / All) wow.wow: what a tasteful game!
(50:53 / All) YOSHIOWNJAPAN: didn't know teal had no burrows damn
(50:54 / All) YOSHIOWNJAPAN: feel bad
(51:07 / All) stbbronyourteam: killed green's hero
(51:23 / All) wow.wow: tis tisssssss tissssssssssssss
(51:25 / All) YOSHIOWNJAPAN: u think he'll stay for win?
(51:28 / All) YOSHIOWNJAPAN: green?
(51:30 / All) YOSHIOWNJAPAN: we can do standoff
(51:33 / All) stbbronyourteam: dunno
(51:35 / All) wow.wow: i could ahve taken u out blue but i didnt
(51:42 / All) stbbronyourteam: because I raeped you
(52:02 / All) stbbronyourteam: ur gryps were mere ants compared to my mass cops - green
(52:05 / All) stbbronyourteam: he still got raped
(52:09 / Allies) ny_sj: get a scroll of speed
(52:32 / All) YOSHIOWNJAPAN: OH YEA TEAL A SPEED SCROLL IS GONNA DO WHEN UR HALFWAY ACROSS MAP FROM SHOP
(52:42 / Allies) ny_sj: lol
(52:56 / All) YOSHIOWNJAPAN: WHERE SHOULD I HIT NIGGA
(52:58 / All) wow.wow: i am happy for life
(53:01 / All) stbbronyourteam: bot right
(53:04 / All) stbbronyourteam: green has like 3 buildings
(53:11 / All) wow.wow: cause my 10th grade enligh teacher sucked my dick
(53:18 / All) wow.wow: ya im aloways in a good mood
(53:21 / All) YOSHIOWNJAPAN: oh i see
(53:31 / All) wow.wow: ya u can imagine
(54:01 / All) stbbronyourteam: his hero is almost done
(54:03 / All) YOSHIOWNJAPAN: is that all he has
(54:05 / All) stbbronyourteam: wait for it for xp
(54:07 / All) stbbronyourteam: yes
(54:56 / All) stbbronyourteam: he has 1 potion and a tp
(55:09 / All) wow.wow: just imagine
(55:14 / All) wow.wow: if i had a fair game
(55:27 / All) stbbronyourteam: if you had a fair game, I would have raped you too
(55:44 / All) YOSHIOWNJAPAN: tp to thim
(55:49 / All) stbbronyourteam: green says he would have "fucking owned us lol" if he had a fair game
(55:57 / All) stbbronyourteam: to who
(56:00 / All) stbbronyourteam: nobody left to tp to
(56:14 / All) stbbronyourteam: red has 2 shades
(56:19 / All) stbbronyourteam: those are fine in standoffs, right?
(56:43 / All) wow.wow: come get me bitch
(58:09 / All) stbbronyourteam: killing all my shit
(58:17 / All) wow.wow: ur douign it
(58:24 / All) stbbronyourteam: doing what
(58:25 / All) wow.wow: its like a retard punching him self in the face
(58:26 / All) stbbronyourteam: a standoff? of course
(59:19 / All) YOSHIOWNJAPAN: no standoff now
(59:28 / All) stbbronyourteam: he left? god damn
(59:50 / All) YOSHIOWNJAPAN: staff mk
(60:06 / All) stbbronyourteam: no goblin shop on this map
(60:17 / All) YOSHIOWNJAPAN: u have mass tp idiot
(60:27 / All) stbbronyourteam: that isn't a staff
(60:37 / All) YOSHIOWNJAPAN: it fulfills the same purpose......
(60:38 / All) stbbronyourteam: busy killing my shit
(60:48 / All) stbbronyourteam: his hero won't stop his loss
(60:52 / All) stbbronyourteam: heroes are not buildings
(60:58 / All) wow.wow: dude i got bj from my high school teacher! man
(61:02 / All) wow.wow: that shit was soooo good
(61:27 / All) stbbronyourteam: killed his hero
(61:38 / All) wow.wow: yess u diddd gooddd jobbbbbbbbbbbbbbb
(61:41 / All) wow.wow: yes u didddd
(62:22 / All) stbbronyourteam: 2 buildings left
(62:25 / All) stbbronyourteam: plus arcane vault
(62:34 / All) stbbronyourteam: this will only end when I cancel the vault, or it is destroyed
(63:19 / All) stbbronyourteam: anthonysira: 0-3 w/l
(63:31 / All) wow.wow: let me win
(63:39 / All) stbbronyourteam: gregimsoneau: 329-357 w/l
(63:44 / All) stbbronyourteam: I never said you could speak green
(63:52 / All) YOSHIOWNJAPAN: u have any preferences
(63:58 / All) YOSHIOWNJAPAN: i actually don't care either way
(63:59 / All) stbbronyourteam: wow.wow: 965-984
(64:03 / All) stbbronyourteam: he has a shitty record
(64:07 / All) YOSHIOWNJAPAN: they all do
(64:10 / All) stbbronyourteam: let us make it shittier by shitting on him with a loss
(64:17 / All) YOSHIOWNJAPAN: u lose yes
(64:28 / All) stbbronyourteam: kill the vault
(64:29 / All) wow.wow: ok
(64:30 / All) stbbronyourteam: and it's game
(64:31 / All) stbbronyourteam: he loses
(64:35 / All) wow.wow: np fun playing with u guys
(64:38 / All) stbbronyourteam: yep
(64:51 / All) YOSHIOWNJAPAN: green if u leave u get a tie
(64:54 / All) stbbronyourteam: ez
(64:55 / All) wow.wow: hey scott
(64:59 / All) stbbronyourteam: too late I think
(65:00 / All) stbbronyourteam: he got raped